 Dungeon Crawl Stone Soup version 0.25.1-2-g60ff931df9 (webtiles) character file.

Game seed: 3128544158408080502

526 DoubleLucky the Firebug (level 7, -1/46 HPs)
             Began as a Human Fire Elementalist on Sept 28, 2020.
             Shot with an arrow by a centaur (15 damage)
             ... on level 6 of the Dungeon.
             The game lasted 00:26:01 (5891 turns).

DoubleLucky the Firebug (Human Fire Elementalist)   Turns: 5891, Time: 00:26:03

Health: -1/46      AC:  3    Str:  9    XL:     7   Next: 47%
Magic:  7/12       EV: 12    Int: 17    God:
Gold:   167        SH:  0    Dex: 13    Spells: 12/13 levels left

rFire    . . .     SeeInvis .   i - +0 dagger
rCold    . . .     Gourm    .   (no shield)
rNeg     . . .     Faith    .   a - +0 robe
rPois    .         Spirit   .   (no helmet)
rElec    .         Reflect  .   (no cloak)
rCorr    .         Harm     .   (no gloves)
MR       .....                  g - +0 pair of boots
Stlth    ++........             (no amulet)
HPRegen  0.15/turn              (no ring)
MPRegen  0.13/turn              (no ring)

@: no status effects
A: no striking features
a: no special abilities


You were on level 6 of the Dungeon.
You were not hungry.

You visited 1 branch of the dungeon, and saw 5 of its levels.

You collected 167 gold pieces.

Inventory:

Hand Weapons
 i - a +0 dagger (weapon)
Missiles
 h - 87 stones (quivered)
 k - a throwing net
Armour
 a - a +0 robe (worn)
 g - a +0 pair of boots (worn)
 m - a +0 leather armour
Jewellery
 q - an uncursed ring of flight {unknown}
 r - a +4 ring of protection {unknown}
Wands
 n - a wand of enslavement (13)
Scrolls
 d - 5 scrolls of identify {unknown}
 e - 2 scrolls of teleportation {unknown}
 f - 4 scrolls of remove curse {unknown}
 l - a scroll of amnesia {unknown}
 p - a scroll of enchant weapon {unknown}
 s - a scroll of blinking {unknown}
 t - a scroll of random uselessness {unknown}
Potions
 b - a potion of resistance {unknown}
 j - a potion of degeneration {unknown}
 o - a potion of flight {unknown}
 u - a potion of cancellation {unknown}
 w - 2 potions of heal wounds {unknown}
Comestibles
 c - 4 rations


   Skills:
 - Level 2.0 Dodging
 - Level 2.0 Stealth
 + Level 3.8 Spellcasting
 + Level 3.6 Conjurations
 * Level 6.0 Fire Magic


You had 12 spell levels left.
You knew the following spells:

 Your Spells              Type           Power        Failure   Level  Hunger
a - Foxfire               Conj/Fire      ###.         2%          1    None

Your spell library contained the following spells:

 Spells                   Type           Power        Failure   Level  Hunger
 Conjure Flame            Conj/Fire      ###.....     7%          3    ###....
 Inner Flame              Hex/Fire       ##......     14%         3    ###....
 Sticky Flame             Conj/Fire      ###.....     22%         4    ####...
 Fireball                 Conj/Fire      ###.......   52%         5    ######.


Dungeon Overview and Level Annotations

Branches:
Dungeon (4/15)
 Temple: D:4-7

Altars:


Message History

You see here an arrow.
Casting: Foxfire (safe; 2% risk of failure)
Confirm with . or Enter, or press ? or * to list all spells.
You conjure some foxfire!
Your foxfire dissipates!
Casting: Foxfire (safe; 2% risk of failure)
Confirm with . or Enter, or press ? or * to list all spells.
You conjure some foxfire!
Casting: Foxfire (safe; 2% risk of failure)
Confirm with . or Enter, or press ? or * to list all spells.
Nothing appears to happen.
The foxfire hits the centaur but does no damage.
The centaur is moderately wounded.
The centaur shoots an arrow.
The arrow hits you.
* * * LOW HITPOINT WARNING * * *
Your foxfire dissipates!
The centaur shoots an arrow.
The arrow closely misses you.
You see here an arrow.
The centaur shoots an arrow.
The arrow hits you!
You die...

#### ####c(##
#@((#§(##
######.)## ##c.#
####...# ####
##.vc§.##
###...####..#####
#...........#
###....#..#
#...####.#


You could see a centaur.

Vanquished Creatures
  Sigmund (D:2)
  An ogre (D:4)
  A hound (D:4)
  An orc priest (D:3)
  Ijyb (D:2)
  2 orc wizards (D:3)
  5 adders
  An ooze (D:3)
  2 worms
  2 dart slugs
  3 leopard geckos
  12 orcs (D:3)
  A ball python (D:3)
  2 giant cockroaches
  13 goblins
  19 hobgoblins
  A quokka (D:2)
  5 bats
  3 frilled lizards (D:2)
  9 kobolds
  8 rats
93 creatures vanquished.

Vanquished Creatures (others)
  348 foxfires
348 creatures vanquished.

Grand Total: 441 creatures vanquished

Notes
Turn   | Place    | Note
-------+----------+-------------------------------------------
     0 | D:1      | DoubleLucky the Human Fire Elementalist began the quest for
                  | the Orb.
     0 | D:1      | Reached XP level 1. HP: 13/13 MP: 3/3
   605 | D:1      | Reached XP level 2. HP: 19/19 MP: 0/5
  1394 | D:1      | Reached XP level 3. HP: 24/24 MP: 3/6
  2380 | D:2      | Reached XP level 4. HP: 25/30 MP: 1/7
  2757 | D:2      | Reached skill level 4 in Fire Magic
  2972 | D:2      | Noticed Sigmund
  3041 | D:2      | Killed Sigmund
  3041 | D:2      | Reached XP level 5. HP: 30/35 MP: 1/9
  3041 | D:2      | Reached XP level 6. HP: 35/41 MP: 1/10
  3176 | D:2      | Reached skill level 5 in Fire Magic
  4449 | D:3      | Noticed Ijyb
  4470 | D:3      | Paralysed by Ijyb for 5 turns
  4477 | D:3      | Paralysed by Ijyb for 7 turns
  4564 | D:2      | Killed Ijyb
  4884 | D:3      | Reached XP level 7. HP: 46/46 MP: 7/12
  5762 | D:4      | Reached skill level 6 in Fire Magic
  5852 | D:4      | You fall into a shaft and drop 2 floors!
  5891 | D:6      | Shot with an arrow by a centaur

Illustrated notes

Levels and vault maps discovered:
D:1:      dpeg_arrival_rooms_c, layout_basic, minmay_misc_feat_iff
D:2:      minmay_recursive_quarters, layout_basic, uniq_sigmund
D:3:      kennysheep_the_goblin_king, layout_basic
D:4:      layout_basic, minmay_temple_entry_offerings, first_ration
D:6:      layout_layer_cave, uniq_menkaure, uniq_grinder

Skill      XL: |  1  2  3  4  5  6  7 |
---------------+----------------------+-----
Fire Magic     | 4 5 6 |  6.0
Spellcasting   | 3 |  3.8
Conjurations   | 2 3 |  3.6
Dodging        | |  2.0
Stealth        | |  2.0

Action                   |  1- 3 |  4- 6 |  7- 9 || total
-------------------------+-------+-------+-------++-------
Melee: Dagger            |     9 |     7 |     3 ||    19
Throw: Stone             |     2 |     1 |       ||     3
 Cast: Foxfire           |    93 |   132 |    48 ||   273
  Eat: Chunk             |     6 |     7 |     4 ||    17
Armor: Robe              |     2 |    10 |     2 ||    14
Dodge: Dodged            |    13 |    27 |    23 ||    63
